[Event "Irish New Year Events-IM2 2020"]
[Site "Dublin"]
[Date "2020.01.05"]
[Round "7.15"]
[White "Froewis, Georg"]
[Black "Alienkin, Aleksander"]
[Result "1-0"]
[ECO "A14"]
[WhiteElo "2470"]
[BlackElo "2382"]
[Annotator "ChessBase"]
[PlyCount "85"]
[EventDate "2020.01.02"]
[EventType "tourn"]
[EventCountry "IRL"]
[SourceTitle "playchess.com"]
[Source "ChessBase"]
[SourceQuality "1"]
[TimeControl "5400+30"]

1. Nf3 Nf6 2. c4 e6 3. b3 b6 4. g3 Bb7 5. Bg2 Be7 6. Bb2 O-O 7. O-O c5 8. e3 d5 9. d3 Nbd7 10. Qe2 Qc7 11. Nc3 a6 12. Rac1 Rac8 13. Ne1 dxc4 14. bxc4 Bc6 15. f4 b5 16. e4 b4 17. Nd1 Rfd8 18. g4 Ne8 19. Ne3 e5 20. Nd5 Bxd5 21. cxd5 f6 22. fxe5 fxe5 23. Nf3 Bd6 24. g5 Nf8 25. Nh4 Qe7 26. Qg4 g6 27. Bh3 Rc7 28. Ng2 c4 29. dxc4 a5 30. Kh1 a4 31. Ne1 b3 32. axb3 Rb8 33. Rf3 Rcb7 34. c5 Bxc5 35. Nd3 Bd6 36. Rcf1 Ng7 37. bxa4 Rb3 38. Ba1 Ra3 39. Qg3 Nh5 40. Qf2 Rxa4 41. Bxe5 Rxe4 42. Rxf8+ Rxf8 43. Qxf8+ 1-0

[Event "Irish New Year Events-IM2 2020"]
[Site "Dublin"]
[Date "2020.01.06"]
[Round "8.12"]
[White "Han, Yichen"]
[Black "Froewis, Georg"]
[Result "1-0"]
[ECO "A46"]
[WhiteElo "2257"]
[BlackElo "2470"]
[Annotator "RC"]
[PlyCount "59"]
[EventDate "2020.01.02"]
[EventType "tourn"]
[EventCountry "IRL"]
[SourceTitle "playchess.com"]
[Source "ChessBase"]
[SourceQuality "1"]
[TimeControl "40/5400+30:1800+30"]

1. d4 e6 2. Nf3 Nf6 3. Bf4 Be7 4. e3 Nh5 5. Bg3 Nxg3 6. hxg3 d6 7. Bd3 h6 8. c4 Nd7 9. Nc3 c6 10. Qc2 d5 11. O-O dxc4 12. Bxc4 b5 13. Bd3 Bb7 14. Rfd1 Qb6 15. a4 a6 16. axb5 cxb5 17. Be4 O-O 18. d5 f5 19. d6 Bxe4 20. Nxe4 Bd8 21. Nc3 Rc8 22. Qb3 Rf6 23. Rac1 Rc4 24. Ne2 Nc5 25. Qa2 Ra4 26. Qb1 Nd7 27. b3 Rb4 28. Qc2 e5 29. Qc8 Rf7 30. Rc6 1-0

[Event "Irish New Year Events-IM2 2020"]
[Site "Dublin"]
[Date "2020.01.06"]
[Round "8.13"]
[White "Daly, Colm"]
[Black "Haque, Muhtarim-Ul"]
[Result "1-0"]
[ECO "E92"]
[WhiteElo "2238"]
[BlackElo "2045"]
[Annotator "ChessBase"]
[PlyCount "99"]
[EventDate "2020.01.02"]
[EventType "tourn"]
[EventCountry "IRL"]
[SourceTitle "playchess.com"]
[Source "ChessBase"]
[SourceQuality "1"]
[TimeControl "40/5400+30:1800+30"]

1. d4 Nf6 2. Nf3 g6 3. c4 Bg7 4. Nc3 O-O 5. e4 d6 6. Be2 e5 7. d5 a5 8. Bg5 Na6 9. h4 h6 10. Bxf6 Bxf6 11. h5 g5 12. Nd2 c6 13. Bg4 Qe8 14. Nf1 cxd5 15. Nxd5 Bd8 16. Nfe3 Be6 17. O-O Nc5 18. Nf5 Bxf5 19. Bxf5 Ne6 20. g3 Nd4 21. Qg4 Nxf5 22. Qxf5 Kg7 23. Kg2 Qe6 24. g4 Qe8 25. Rfc1 Qc6 26. Rc3 Qe8 27. Rac1 Qe6 28. Rb3 Rb8 29. Rcc3 Qe8 30. Rb5 Qc6 31. a4 Qe8 32. c5 dxc5 33. Rbxc5 Qe6 34. Rb5 Qxf5 35. exf5 e4 36. Re3 Re8 37. f3 Bf6 38. fxe4 Bd4 39. Re2 b6 40. Kf3 Rec8 41. e5 Rc1 42. e6 fxe6 43. Rxe6 Rc4 44. b3 Rc5 45. Ke4 Bf2 46. f6+ Kg8 47. Kf5 Rd8 48. Rxc5 bxc5 49. Kg6 Bg3 50. f7+ 1-0

[Event "Irish New Year Events-IM2 2020"]
[Site "Dublin"]
[Date "2020.01.06"]
[Round "8.15"]
[White "Abdulla, Murad"]
[Black "Kanyamarala, Trisha"]
[Result "1-0"]
[ECO "B81"]
[WhiteElo "2257"]
[BlackElo "2195"]
[Annotator "ChessBase"]
[PlyCount "185"]
[EventDate "2020.01.02"]
[EventType "tourn"]
[EventCountry "IRL"]
[SourceTitle "playchess.com"]
[Source "ChessBase"]
[SourceQuality "1"]
[TimeControl "40/5400+30:1800+30"]

1. e4 c5 2. Nf3 d6 3. d4 cxd4 4. Nxd4 Nf6 5. Nc3 a6 6. h3 e6 7. g4 d5 8. exd5 Nxd5 9. Nde2 Bb4 10. Bg2 O-O 11. O-O Nxc3 12. Nxc3 Qc7 13. Ne4 Nc6 14. c3 Be7 15. Qe2 Bd7 16. b3 Rae8 17. g5 f5 18. gxf6 Bxf6 19. Be3 e5 20. Rad1 Be7 21. Nc5 Bxc5 22. Bxc5 Rf6 23. Qe3 Bf5 24. Rd2 e4 25. Rfd1 Rg6 26. Bd6 Qc8 27. Kh2 Nd8 28. Bf4 Ne6 29. Rd5 Rf6 30. Be5 Rf7 31. Bg3 Rff8 32. c4 h6 33. h4 Kh8 34. a4 Kg8 35. R1d2 Nd8 36. Qc3 Nc6 37. a5 Ne7 38. Rd6 Ng6 39. Qd4 Nh8 40. Qe3 Nf7 41. R6d5 h5 42. Bf4 Qe6 43. Qc5 Bg4 44. Qb6 Qe7 45. Bg3 Rc8 46. Qe3 Rce8 47. R2d4 Qf6 48. Rxe4 Rxe4 49. Qxe4 g6 50. Qd4 Qe7 51. Qd2 Kh7 52. Rd3 Bf5 53. Re3 Qf6 54. Bxb7 Nh6 55. Bf3 Bg4 56. Bg2 Bc8 57. Rd3 Ng4+ 58. Kg1 Re8 59. f3 Nh6 60. Bf2 Nf5 61. Qg5 Qa1+ 62. Kh2 Re2 63. Rd2 Qe5+ 64. Kg1 Qa1+ 65. Bf1 Rxd2 66. Qxd2 Qf6 67. Qf4 Qd8 68. b4 Ng7 69. Qd4 Qc7 70. Qc5 Qb7 71. Bg2 Ne6 72. Qd6 Qf7 73. Bd4 Bb7 74. Qe5 Nxd4 75. Qxd4 Qe7 76. b5 g5 77. hxg5 Kg6 78. bxa6 Bxa6 79. c5 Kxg5 80. Qc3 h4 81. Qd2+ Kh5 82. Qd5+ Kg6 83. Qd6+ Qxd6 84. cxd6 Kf7 85. Bh3 Kf6 86. Kf2 Bb7 87. f4 Kf7 88. Bg4 Ke8 89. Kg1 Ba6 90. Kh2 Bf1 91. Be6 Kd8 92. f5 h3 93. f6 1-0

[Event "Irish New Year Events-IM2 2020"]
[Site "Dublin"]
[Date "2020.01.06"]
[Round "9.11"]
[White "Kanyamarala, Trisha"]
[Black "Baburin, Alexander"]
[Result "1/2-1/2"]
[ECO "D36"]
[WhiteElo "2195"]
[BlackElo "2419"]
[Annotator "RC"]
[PlyCount "20"]
[EventDate "2020.01.02"]
[EventType "tourn"]
[EventCountry "IRL"]
[SourceTitle "playchess.com"]
[Source "ChessBase"]
[SourceQuality "1"]
[TimeControl "40/5400+30:1800+30"]

1. d4 d5 2. c4 e6 3. Nf3 Nf6 4. Nc3 Nbd7 5. Bg5 c6 6. cxd5 exd5 7. e3 Be7 8. Bd3 O-O 9. Qc2 Re8 10. O-O Nf8 1/2-1/2

[Event "Irish New Year Events-IM2 2020"]
[Site "Dublin"]
[Date "2020.01.06"]
[Round "9.12"]
[White "Melaugh, Gavin"]
[Black "Abdulla, Murad"]
[Result "1/2-1/2"]
[ECO "B21"]
[WhiteElo "2076"]
[BlackElo "2257"]
[Annotator "ChessBase"]
[PlyCount "152"]
[EventDate "2020.01.02"]
[EventType "tourn"]
[EventCountry "IRL"]
[SourceTitle "playchess.com"]
[Source "ChessBase"]
[SourceQuality "1"]
[TimeControl "40/5400+30:1800+30"]

1. e4 c5 2. d4 cxd4 3. c3 d3 4. c4 Nc6 5. Bxd3 g6 6. Nf3 Bg7 7. Nc3 d6 8. h3 Nf6 9. O-O O-O 10. Be3 Nd7 11. Rc1 Nc5 12. Be2 Qa5 13. a3 Bxc3 14. Rxc3 Nxe4 15. Rc1 Nf6 16. Nd4 Nxd4 17. Bxd4 Ne8 18. Bc3 Qc7 19. b4 b6 20. f4 Ng7 21. g4 f6 22. h4 Be6 23. h5 Rad8 24. hxg6 hxg6 25. Bd3 Bf7 26. Qc2 Qd7 27. f5 d5 28. c5 e5 29. a4 bxc5 30. bxc5 Be8 31. Ba5 Rc8 32. Ba6 Qxa4 33. Qxa4 Bxa4 34. Bxc8 Rxc8 35. fxg6 Ne8 36. g5 Kg7 37. gxf6+ Nxf6 38. Rf5 Re8 39. c6 Kxg6 40. Rcf1 Re6 41. c7 Bd7 42. R5f2 d4 43. Rc2 Bc8 44. Rb2 e4 45. Rb8 Re8 46. Rfb1 Nd7 47. R8b4 d3 48. Rd4 Ne5 49. Rd8 Kf7 50. Rb8 e3 51. Rbxc8 d2 52. Kg2 Nd3 53. Rxe8 Nf4+ 54. Kg3 Nh5+ 55. Kh4 d1=Q 56. Rf8+ Kg6 57. Rg8+ Ng7 58. Rxg7+ Kxg7 59. Rg8+ Kxg8 60. c8=Q+ Kf7 61. Qf5+ Ke7 62. Qc5+ Qd6 63. Qxa7+ Ke6 64. Qxe3+ Kd7 65. Qa7+ Ke6 66. Qe3+ Kd7 67. Qa7+ Ke6 68. Bc7 Qe7+ 69. Kg4 Qg7+ 70. Kf4 Qf6+ 71. Ke4 Qf5+ 72. Ke3 Qh3+ 73. Kd2 Qg2+ 74. Kc3 Qf3+ 75. Kb4 Qe4+ 76. Kb5 Qb1+ 1/2-1/2

[Event "Irish New Year Events-IM2 2020"]
[Site "Dublin"]
[Date "2020.01.06"]
[Round "9.13"]
[White "Haque, Muhtarim-Ul"]
[Black "Carroll, Peter"]
[Result "1-0"]
[ECO "E11"]
[WhiteElo "2045"]
[BlackElo "2087"]
[Annotator "NA"]
[PlyCount "55"]
[EventDate "2020.01.02"]
[EventType "tourn"]
[EventCountry "IRL"]
[SourceTitle "playchess.com"]
[Source "ChessBase"]
[SourceQuality "1"]
[TimeControl "40/5400+30:1800+30"]

1. d4 Nf6 2. Nf3 e6 3. c4 Bb4+ 4. Bd2 a5 5. a3 Bxd2+ 6. Qxd2 b6 7. Nc3 Bb7 8. d5 exd5 9. cxd5 d6 10. g3 Nbd7 11. Bg2 Nc5 12. Rd1 a4 13. O-O O-O 14. Rfe1 Re8 15. Qc2 Nfe4 16. Nxe4 Nxe4 17. Rd4 $14 Qe7 18. Nh4 Nc5 19. Nf5 Qe5 20. Rh4 g6 21. Nh6+ Kg7 22. Ng4 Qg5 23. Qc3+ Kf8 24. Nf6 Qe5 25. Nxe8 Rxe8 26. Rxh7 Kg8 27. Rh4 Bxd5 28. Bxd5 1-0

[Event "Irish New Year Events-IM2 2020"]
[Site "Dublin"]
[Date "2020.01.06"]
[Round "9.14"]
[White "Froewis, Georg"]
[Black "Daly, Colm"]
[Result "1-0"]
[ECO "C77"]
[WhiteElo "2470"]
[BlackElo "2238"]
[Annotator "RC"]
[PlyCount "55"]
[EventDate "2020.01.02"]
[EventType "tourn"]
[EventCountry "IRL"]
[SourceTitle "playchess.com"]
[Source "ChessBase"]
[SourceQuality "1"]
[TimeControl "40/5400+30:1800+30"]

1. e4 e5 2. Nf3 Nc6 3. Bb5 a6 4. Ba4 Nf6 5. Bxc6 dxc6 6. d3 Nd7 7. Nbd2 Bd6 8. Nc4 O-O 9. O-O Re8 10. a4 Nf8 11. h3 f6 12. c3 c5 13. a5 Be6 14. Be3 Ng6 15. Nfd2 Bf8 16. Qe2 b5 17. Na3 Qd7 18. Rfd1 Rad8 19. c4 b4 20. Nc2 Qxd3 21. Qxd3 Rxd3 22. Ne1 Rd7 23. Rdc1 Nf4 24. Kf1 Bf7 25. Nb3 Ne6 26. Ke2 Red8 27. g3 Bg6 28. f3 1-0